 Dungeon Crawl Stone Soup version 0.28.0-47-ge53b351184 (webtiles) character file.

Game seed: 6262212971144378821

9248 hawla the Thaumaturge (level 11, -11/60 HPs)
             Began as a Deep Elf Earth Elementalist on May 1, 2022.
             Was a Believer of Vehumet.
             Mangled by a two-headed ogre
             ... wielding a +0 giant club
              (21 damage)
             ... on level 9 of the Dungeon.
             The game lasted 00:51:21 (14697 turns).

hawla the Thaumaturge (DEEE)                       Turns: 14697, Time: 00:51:21

Health: -11/60     AC:  6    Str:  5    XL:     11   Next: 20%
Magic:  13/26      EV: 14    Int: 27    God:    Vehumet [**....]
Gold:   20         SH:  0    Dex: 15    Spells: 12/29 levels left

rFire   . . .      SeeInvis .   u - +3 quarterstaff (chaos)
rCold   . . .      Faith    .   (shield currently unavailable)
rNeg    + . .      Spirit   .   t - +0 robe "Ulonein" {Regen+ Int+2 Slay+2}
rPois   .          Reflect  .   (helmet restricted)
rElec   .          Harm     .   v - +0 cloak
rCorr   .          Rampage  .   m - +0 pair of gloves
Will    +++..                   (no boots)
Stlth   +++.......              (no amulet)
HPRegen 1.00/turn               j - ring of positive energy
MPRegen 0.20/turn               (no ring)

@: slightly contaminated
A: horns 1, iridescent scales 1, strong-willed 2
a: Renounce Religion


You were on level 9 of the Dungeon.
You worshipped Vehumet.
Vehumet was pleased with you.
You visited 2 branches of the dungeon, and saw 10 of its levels.
You also visited: Ossuary.

You collected 541 gold pieces.
You spent 521 gold pieces at shops.

Inventory:

Hand Weapons
 u - a +3 quarterstaff of chaos (weapon)
 I - a +3 scimitar of flaming
Missiles
 b - 5 atropa-tipped darts
 c - 80 stones
 e - 27 poisoned darts
 f - 6 curare-tipped darts
 s - 2 throwing nets
 y - 5 javelins
 z - 4 boomerangs (quivered)
Armour
 k - the +1 helmet "Tuxad" {Rampage Int+3}
   (You took it off Robin on level 2 of the Dungeon)

   Int:       It affects your intelligence (+3).
   Rampage:   It bestows one free step when moving towards enemies.
 m - a +0 pair of gloves (worn)
 t - the +0 robe "Ulonein" (worn) {Regen+ Int+2 Slay+2}
   (You bought it in a shop on level 3 of the Dungeon)

   Int:       It affects your intelligence (+2).
   Slay:      It affects your accuracy & damage with ranged weapons and melee
   (+2).
   Regen:     It increases your rate of health regeneration.
 v - a +0 cloak (worn)
 E - a +0 buckler
 F - a +1 robe of fire resistance
Jewellery
 j - a ring of positive energy (left hand)
 D - a ring of resist corrosion
Wands
 x - a wand of charming (8)
 A - a wand of polymorph (6)
 J - a wand of iceblast (5)
Scrolls
 d - a scroll of holy word
 i - a scroll of brand weapon
 n - 4 scrolls of teleportation
 o - a scroll of immolation
 C - a scroll of torment
Potions
 a - a potion of resistance
 g - a potion of flight
 l - a potion of degeneration {unknown}
 p - a potion of brilliance
 q - 6 potions of curing
 r - a potion of ambrosia
 w - a potion of haste
 B - a potion of might
 G - a potion of berserk rage {unknown}
 H - 2 potions of magic {unknown}


   Skills:
 - Level 3.0 Fighting
 + Level 9.5 Staves
 - Level 3.0 Throwing
 - Level 5.8 Dodging
 - Level 4.0 Stealth
 - Level 9.6 Spellcasting
 - Level 6.1 Conjurations
 - Level 4.5 Necromancy
 - Level 0.2 Translocations
 - Level 6.2 Transmutations
 - Level 0.2 Air Magic
 - Level 7.3 Earth Magic
 - Level 0.2 Poison Magic
 - Level 2.0 Evocations


You had 12 spell levels left.
You knew the following spells:

 Your Spells              Type           Power      Damage    Failure   Level
a - Sandblast             Erth           100%       2d20      1%          1
b - Stone Arrow           Conj/Erth      98%        3d13      1%          3
c - Dispel Undead         Necr           37%        3d15      7%          4
e - Irradiate             Conj/Tmut      23%        3d21      10%         5
f - Poisonous Vapours     Pois/Air       28%        N/A       6%          2
g - Apportation           Tloc           28%        N/A       4%          1
h - Magic Dart            Conj           100%       1d8       1%          1

Your spell library contained the following spells:

 Spells                   Type           Power      Damage    Failure   Level
 Animate Skeleton         Necr           74%        N/A       1%          1
 Passwall                 Tmut/Erth      40%        N/A       1%          2
 Sublimation of Blood     Necr           37%        N/A       1%          2
 Corpse Rot               Necr/Air       50%        N/A       2%          2
 Petrify                  Tmut/Erth      49%        N/A       2%          4
 Summon Small Mammal      Summ           48%        N/A       4%          1
 Ensorcelled Hibernation  Hex/Ice        24%        N/A       7%          2
 Leda's Liquefaction      Hex/Erth       16%        N/A       10%         4
 Swiftness                Air            14%        N/A       12%         3
 Portal Projectile        Hex/Tloc       26%        N/A       13%         3
 Call Canine Familiar     Summ           12%        N/A       14%         3
 Death Channel            Necr           18%        N/A       71%         6


Dungeon Overview and Level Annotations

Branches:
Dungeon (9/15)             Temple (1/1) D:7            Lair (0/6) D:9
Ossuary (visited)
    Orc: D:9-12

Altars:
Ashenzari
Cheibriados
Dithmenos
Elyvilon
Fedhas
Gozag
Hepliaklqana
Kikubaaqudgha
Makhleb
Okawaru
Ru
Sif Muna
Trog
Vehumet
Wu Jian
Xom
Yredelemnul
Zin
The Shining One
Jiyva

Shops:
D:3 *   D:4 [:   D:6 =   D:7 [

Annotations:
D:7 3 runed translucent doors
D:8 3 runed translucent doors, Malificent's ghost, novice GnMo


Innate Abilities, Weirdness & Mutations

You have a pair of small horns on your head.
You are partially covered in iridescent scales. (AC +2)
You are highly strong-willed. (Will++)


Message History

You kill the elephant!
Vehumet accepts your kill.
Training target 3.0 for Fighting reached!
Your Fighting skill increases to level 3!
Unknown command.
The basilisk misses you. The orc closely misses you.
You barely miss the basilisk.
The basilisk bites you but does no damage.
Unknown command.
Aiming: Iceblast
Press: ? - help, Shift-Dir - straight line
Okay, then.
Casting: Irradiate (quite dangerous; 10% risk of failure)
Confirm with . or Enter, or press ? or * to list all spells.
The spell is quite dangerous to miscast (10% risk of failure)!
Continue anyway?
You erupt in a fountain of uncontrolled magic!
The basilisk is blasted with magical radiation!!
The basilisk is severely wounded.
The basilisk twists and deforms.
The orc is blasted with magical radiation!!
You kill the orc!
Vehumet accepts your kill.
You feel your power returning. The basilisk closely misses you.
The orc priest looks satisfied for a moment.
The orc priest calls down the wrath of Beogh upon you.
Beogh smites you!
Casting: Irradiate (quite dangerous; 10% risk of failure)
Confirm with . or Enter, or press ? or * to list all spells.
The spell is quite dangerous to miscast (10% risk of failure)!
Continue anyway?
You erupt in a fountain of uncontrolled magic!
The two-headed ogre is blasted with magical radiation!!
The two-headed ogre is heavily wounded.
The two-headed ogre twists and deforms.
You are lightly contaminated with residual magic.
The two-headed ogre hits you with a +0 giant club!! x2
* * * LOW HITPOINT WARNING * * *
As you read the scroll of summoning, it crumbles to dust.
Wisps of shadow whirl around you...
The two-headed ogre hits you with a +0 giant club!!
You die...

..# #.# ### #.# ..# #.# #.####)#
....##.# #.#.##.###### ###
#.#.##.#....###################..
......)[...Y.olO@cO..............
#.#....#....###################..
#.#^#..#.Y..# ###.......# #..
.......#....# .....#..#.# #..
#.#.##.#....# ........#.## #..
..#.##.#....# ...........# ###
###.##.#.)..##### ##+#.#....# #.
...............####.#.#....# #.
.#................#.#.#.#+#####.


You could see a two-headed ogre (misshapen, ally target), a yak, a basilisk
(misshapen), an orc priest, a friendly two-headed ogre (summoned) and a friendly
centaur (summoned).

Vanquished Creatures
  Erica (D:9)
  A boulder beetle (D:7)
  A two-headed ogre (D:9)
  Pikel (D:8)
  A cyclops (D:7)
  An elephant (D:9)
  A troll (D:6)
  A basilisk (D:9)
  Menkaure (D:4)
  A warg (D:6)
  2 water moccasins
  2 sky beasts (D:5)
  An ice beast (D:8)
  A black bear (D:7)
  6 orc warriors
  2 necrophages (D:5)
  10 ogres
  2 centaurs
  4 lemures (D:8)
  3 elf zombies (Ossuary)
  6 kobold brigands
  2 bullfrogs
  2 gnoll sergeants (D:6)
  3 scorpions
  4 wights
  3 howler monkeys (D:6)
  A bullfrog zombie (D:6)
  3 centaur zombies
  A jelly (D:5)
  Crazy Yiuf (D:4)
  14 orc priests
  A centaur skeleton (D:7)
  17 hounds
  A gnoll shaman (D:6)
  3 iguanas
  2 bullfrog skeletons
  Natasha (twice) (D:2)
  14 orc wizards
  3 hound zombies
  3 mummies (Ossuary)
  3 howler monkey zombies
  Robin (D:2)
  5 gnolls
  6 adders
  3 shadow imps
  An adder skeleton (D:4)
  5 adder zombies (Ossuary)
  A worm (D:4)
  3 dart slugs
  29 orcs
  5 ball pythons
  5 endoplasms
  3 giant cockroaches
  14 goblins
  11 hobgoblins
  3 quokkas
  5 bats
  A frilled lizard (D:1)
  2 gnoll zombies (Ossuary)
  3 goblin zombies (Ossuary)
  3 hobgoblin zombies (Ossuary)
  3 jackal zombies (Ossuary)
  13 kobolds
  A kobold zombie (Ossuary)
  3 orc zombies (Ossuary)
  3 rats (D:1)
  6 rat zombies (Ossuary)
270 creatures vanquished.

Vanquished Creatures (others)
  3 fungi
  5 plants
8 creatures vanquished.

Grand Total: 278 creatures vanquished

Notes
Turn   | Place    | Note
-------+----------+-------------------------------------------
     0 | D:1      | hawla the Deep Elf Earth Elementalist began the quest for
                  | the Orb.
     0 | D:1      | Reached XP level 1. HP: 10/10 MP: 6/6
   159 | D:1      | Reached XP level 2. HP: 15/15 MP: 4/8
   381 | D:1      | Found a faded altar of an unknown god.
   531 | D:1      | You fall into a shaft and drop 1 floor!
   533 | D:2      | Reached XP level 3. HP: 19/19 MP: 8/10
   674 | D:2      | Identified the +1 helmet "Tuxad" {Rampage Int+3}
   674 | D:2      | Noticed Robin
   914 | D:2      | Learned a level 3 spell: Stone Arrow
  1091 | D:2      | Noticed Natasha
  1103 | D:2      | Killed Natasha
  1958 | D:2      | Killed Robin
  1959 | D:2      | Reached skill level 1 in Conjurations
  1959 | D:2      | Reached XP level 4. HP: 24/24 MP: 8/12
  2258 | D:2      | Noticed Natasha
  2268 | D:2      | Killed Natasha
  3090 | D:3      | Found Bacval's General Store.
  3101 | D:3      | Bought 14 stones for 18 gold pieces
  3248 | D:3      | Reached XP level 5. HP: 28/28 MP: 11/13
  3459 | D:4      | Noticed Menkaure
  3530 | D:3      | Bought a scroll of holy word for 97 gold pieces
  3572 | D:4      | Killed Menkaure
  3573 | D:4      | Reached skill level 5 in Spellcasting
  3573 | D:4      | Reached skill level 5 in Earth Magic
  3683 | D:4      | Found Docah's Antique Armour Boutique.
  3689 | D:4      | Reached XP level 6. HP: 32/32 MP: 8/16
  3847 | D:4      | Noticed an orc warrior
  4680 | D:4      | Found Ycess's Book Shop.
  4859 | D:4      | Reached XP level 7. HP: 36/36 MP: 11/18
  4960 | D:4      | Found a runed translucent door.
  4961 | D:4      | Noticed Crazy Yiuf
  4965 | D:4      | Killed Crazy Yiuf
  5047 | D:5      | Entered Level 5 of the Dungeon
  5106 | D:5      | Found an ancient bone altar of Kikubaaqudgha.
  5388 | D:5      | Learned a level 4 spell: Dispel Undead
  5391 | D:5      | Learned a level 2 spell: Passwall
  5408 | D:5      | Reached skill level 1 in Throwing
  5665 | D:5      | Reached XP level 8. HP: 37/42 MP: 7/21
  5864 | D:5      | Reached skill level 1 in Fighting
  5973 | D:5      | Reached skill level 1 in Necromancy
  5973 | D:5      | Reached skill level 1 in Evocations
  6739 | D:6      | Reached skill level 1 in Staves
  7335 | D:6      | Found Qaifoxt's One-of-a-Kind Rings.
  7415 | D:5      | Reached XP level 9. HP: 42/47 MP: 20/24
  7422 | D:5      | Learned a level 5 spell: Irradiate
  8218 | D:6      | Reached skill level 5 in Conjurations
  8220 | D:6      | Reached skill level 5 in Dodging
  8963 | D:6      | Reached skill level 5 in Staves
  9002 | D:6      | Noticed a troll
  9305 | D:6      | Reached skill level 5 in Transmutations
  9345 | D:6      | Reached XP level 10. HP: 50/53 MP: 15/25
  9893 | D:6      | Learned a level 2 spell: Poisonous Vapours
 10025 | D:6      | Learned a level 1 spell: Apportation
 10278 | D:7      | Noticed a manticore
 10279 | D:7      | Noticed a cyclops
 10305 | D:7      | Found a staircase to the Ecumenical Temple.
 10307 | D:7      | Found a glowing silver altar of Zin.
 10313 | Temple   | Entered the Ecumenical Temple
 10428 | Temple   | Became a worshipper of Vehumet
 10480 | D:7      | Noticed a boulder beetle
 10491 | D:7      | Killed a boulder beetle
 10845 | D:7      | Found a bloodstained altar of Trog.
 11094 | D:7      | Found Ikkenn's Antique Armour Shoppe.
 11187 | D:7      | Killed a cyclops
 11419 | D:7      | Found a runed translucent door.
 11419 | D:7      | Noticed a fire dragon
 11419 | D:7      | Noticed a two-headed ogre
 11420 | D:7      | Found a runed translucent door.
 11420 | D:7      | Noticed a six-headed hydra
 11421 | D:7      | Found a runed translucent door.
 11768 | D:8      | Noticed Pikel
 11771 | D:8      | Found a sand-covered staircase.
 11775 | Ossuary  | Entered an ossuary
 12059 | Ossuary  | Reached * piety under Vehumet
 12059 | Ossuary  | Offered knowledge of Foxfire by Vehumet.
 12710 | D:8      | Killed Pikel
 12716 | D:8      | Reached ** piety under Vehumet
 12857 | D:8      | Offered knowledge of Magic Dart by Vehumet.
 12869 | D:8      | Learned a level 1 spell: Magic Dart
 12941 | D:8      | Gained mutation: You have a pair of small horns on your
                  | head. [potion of mutation]
 12941 | D:8      | Gained mutation: You are strong-willed. (Will+) [potion of
                  | mutation]
 12941 | D:8      | Gained mutation: You are highly strong-willed. (Will++)
                  | [potion of mutation]
 12941 | D:8      | Gained mutation: You are partially covered in iridescent
                  | scales. (AC +2) [potion of mutation]
 13768 | D:8      | Found a runed translucent gate.
 13769 | D:8      | Found a runed translucent gate.
 13770 | D:8      | Found a runed translucent gate.
 13773 | D:8      | Found a viscous altar of Jiyva.
 13773 | D:8      | Noticed Malificent's ghost (novice GnMo)
 14017 | D:3      | Bought a potion of brilliance for 52 gold pieces
 14017 | D:3      | Bought the +0 robe "Ulonein" {Regen+ Int+2 Slay+2} for 263
                  | gold pieces
 14017 | D:3      | Bought a potion of might for 52 gold pieces
 14017 | D:3      | Bought a potion of curing for 39 gold pieces
 14456 | D:9      | Noticed a two-headed ogre
 14460 | D:9      | Killed a two-headed ogre
 14461 | D:9      | Reached XP level 11. HP: 43/57 MP: 12/26
 14554 | D:9      | Noticed Erica
 14558 | D:9      | Killed Erica
 14645 | D:9      | Found a staircase to the Lair.
 14649 | D:9      | Noticed a two-headed ogre
 14697 | D:9      | Mangled by a two-headed ogre

Illustrated notes

Levels and vault maps discovered:
D:1:      dpeg_arrival_rooms_with_view, layout_loops_ring,
          shapermc_ecumenical_altar_totnotflames
D:2:      layout_basic, uniq_natasha, uniq_robin
D:3:      layout_loops_cross, serial_shops, nicolae_lakefront_shop
D:4:      layout_gridville, serial_shops, nicolae_shop_overgrown_old_shop, shop,
          uniq_crazy_yiuf_cottage, uniq_menkaure
D:5:      layout_basic, mainiacjoe_overflow_alcove_4,
          eino_small_chamber_without_monster
D:6:      lemuel_castle_with_subvaults [lemuel_castle_interior_carwin_3],
          layout_cave_pods, nicolae_shop_unique_rings,
          minmay_a_box_with_orc_wizards_in_it
D:7:      minmay_the_grid_triangle_9x9_rhombus_full
          [minmay_the_grid_triangle_9x9_warning,
          minmay_the_grid_triangle_9x9_skeleton,
          minmay_the_grid_triangle_9x9_odd_lines,
          minmay_the_grid_triangle_9x9_wacky_v,
          minmay_the_grid_triangle_9x9_fully_insulated_deathbox,
          minmay_the_grid_triangle_9x9_corrupted_corridor,
          minmay_the_grid_triangle_9x9_thin_v,
          minmay_the_grid_triangle_9x9_prize_insulated], layout_basic,
          trog_book, mainiacjoe_overflow_alcove_1, minmay_temple_entry_wispy,
          serial_shops, shop
D:8:      layout_rooms, enter_bailey_3, gammafunk_ghost_ooze,
          lightli_ossuary_entry_decrepit_ruins, uniq_pikel
D:9:      layout_basic, david_lair_generic, minmay_stone_trees_small,
          small_statue_intersection, uniq_erica
Temple:   compressed_dpeg_circular_temple

Skill      XL: |  1  2  3  4  5  6  7  8  9 10 11 |
---------------+----------------------------------+-----
Stealth        | 3 4 |  4.0
Dodging        | 3 4 5 |  5.8
Earth Magic    | 4 5 6 7 |  7.3
Spellcasting   | 4 5 6 7 9 |  9.6
Conjurations   | 1 2 3 4 5 6 |  6.1
Throwing       | 1 2 3 |  3.0
Fighting       | 1 2 3 |  3.0
Necromancy     | 3 4 |  4.5
Evocations     | 1 2 |  2.0
Staves         | 1 5 9 |  9.5
Transmutations | 5 6 |  6.2
Translocations | |  0.2
Air Magic      | |  0.2
Poison Magic   | |  0.2

Action                   |  1- 3 |  4- 6 |  7- 9 | 10-12 || total
-------------------------+-------+-------+-------+-------++-------
Melee: Unarmed           |     3 |     7 |       |       ||    10
       Punch             |       |     1 |       |       ||     1
       Dagger            |       |    26 |       |       ||    26
       Quarterstaff      |       |       |    39 |   120 ||   159
       Headbutt          |       |       |       |    10 ||    10
Throw: Dart              |       |     4 |    18 |    10 ||    32
       Boomerang         |       |       |       |     3 ||     3
 Cast: Sandblast         |    28 |    24 |    16 |    12 ||    80
       Stone Arrow       |     9 |    28 |   100 |    43 ||   180
       Dispel Undead     |       |       |    19 |    33 ||    52
       Irradiate         |       |       |     4 |    16 ||    20
Evoke: Wand              |       |     1 |     6 |       ||     7
  Use: Scroll            |     4 |     2 |     2 |    10 ||    18
       Potion            |       |       |     3 |     2 ||     5
 Stab: Sleeping          |       |     1 |       |     2 ||     3
       Paralysed         |       |       |     1 |     1 ||     2
Armor: Robe              |       |     8 |    31 |    49 ||    88
Dodge: Dodged            |     7 |    16 |    81 |   106 ||   210
